 Dungeon Crawl Stone Soup version 0.21.1-1-g345015fe64 (webtiles) character file.

681 HuneSparrow the Slasher (level 7, -5/52 HPs)
             Began as a Demonspawn Fighter on July 2, 2018.
             Was an Initiate of Qazlal.
             Killed by divine providence
             ... invoked by an orc priest
              (15 damage)
             ... on level 4 of the Dungeon.
             The game lasted 00:15:22 (5074 turns).

HuneSparrow the Slasher (Demonspawn Fighter)        Turns: 5074, Time: 00:15:23

Health: -5/52      AC: 10    Str: 19    XL:     7   Next: 34%
Magic:  7/7        EV:  7    Int:  9    God:    Qazlal [......]
Gold:   177        SH:  9    Dex: 12    Spells: 6/6 levels left

rFire    . . .     SeeInvis .   a - +0 long sword
rCold    . . .     Gourm    .   c - +0 shield
rNeg     . . .     Faith    .   b - +0 scale mail
rPois    .         Spirit   .   (helmet restricted)
rElec    .         Reflect  .   (no cloak)
rCorr    .         Harm     .   (no gloves)
MR       .....                  j - +2 pair of boots
Stlth    ..........             (no amulet)
HPRegen  0.17/turn              (no ring)
MPRegen  0.10/turn              (no ring)

@: no status effects
A: antennae 1, foul stench 1, rot immunity
a: Renounce Religion


You were on level 4 of the Dungeon.
You worshipped Qazlal.
Qazlal was noncommittal.
You were hungry.

You visited 2 branches of the dungeon, and saw 5 of its levels.

You collected 177 gold pieces.

Inventory:

Hand Weapons
 a - a +0 long sword (weapon)
Armour
 b - a +0 scale mail (worn)
 c - a +0 shield (worn)
 j - a +2 pair of boots (worn)
Jewellery
 r - a cursed amulet of inaccuracy {unknown}
Wands
 w - a wand of iceblast (10)
Scrolls
 g - 6 scrolls of identify {unknown}
 i - 2 scrolls of magic mapping {unknown}
 k - 3 scrolls of blinking {unknown}
 l - 2 scrolls of fog {unknown}
 m - a scroll of teleportation {unknown}
 n - 7 scrolls of remove curse {unknown}
 o - a scroll of enchant weapon {unknown}
 p - a scroll of enchant armour {unknown}
Potions
 d - a potion of magic
 e - 2 potions of brilliance
 h - 3 potions of agility {unknown}
 q - a potion of invisibility {unknown}
 s - a potion of ambrosia {unknown}
 t - a potion of haste {unknown}
 u - a potion of might
 v - 2 potions of heal wounds {unknown}
 x - a potion of degeneration {unknown}
 z - a potion of curing {unknown}
Comestibles
 f - 9 rations


   Skills:
 - Level 3.0 Fighting
 * Level 5.8 Long Blades
 * Level 5.4 Armour
 - Level 2.7 Shields


You had 6 spell levels left.
You didn't know any spells.

Dungeon Overview and Level Annotations

Branches:
Dungeon (4/15)             Temple (1/1) D:4

Altars:
Ashenzari
Cheibriados
Dithmenos
Elyvilon
Fedhas
Gozag
Hepliaklqana
Kikubaaqudgha
Makhleb
Nemelex Xobeh
Okawaru
Qazlal
Ru
Sif Muna
Trog
Uskayaw
Vehumet
Wu Jian
Xom
Yredelemnul
Zin
The Shining One


Innate Abilities, Weirdness & Mutations

You have a pair of small antennae on your head.
You may emit foul miasma when damaged in melee.
You are immune to rotting.


Message History

Something hits you but does no damage.
The orc priest looks braver for a moment.
You hit something.
You hear some strange, mumbled words.
A magic dart appears from out of thin air!
The magic dart hits you! Something hits you but does no damage.
You hit something. Something hits you.
You hit something. Something hits you but does no damage.
You hear some strange, mumbled words.
A magic dart appears from out of thin air!
The magic dart hits you!
You miss something. Something hits you but does no damage.
The orc priest looks satisfied for a moment.
Something hits you but does no damage.
The orc priest invokes the aid of Beogh against you.
Beogh smites you!
* * * LOW HITPOINT WARNING * * *
The orc priest mumbles some strange prayers to Beogh against you.
Beogh smites you!
You die...

....o.#.....#.....'...#..
....oo'>....#...>.#...#..
.....o##....#.....#####..
##### ##....#.....#...#..
#.....#.....#...'..
#oooo.#.....#...#..
#ooo..#.....#...#..
##{####.....##'##..
...####@#........#...##.
........#........'....#.
........'........#....#.
........#........#....#.
........#........######.
...##...#...............
... #...#...............
.. #...#......[[..[....
#...#....<..........


You could see 2 orc priests, an orc wizard and 4 orcs.

Vanquished Creatures
  Grinder (D:4)
  An ogre (D:4)
  A hound (D:4)
  5 orc wizards (D:4)
  An iguana (D:3)
  Terence (D:2)
  3 gnolls (D:3)
  5 adders
  3 oozes
  A dart slug (D:2)
  4 worms
  5 leopard geckos
  7 orcs
  4 giant cockroaches
  8 goblins
  7 hobgoblins
  3 bats
  6 frilled lizards
  10 kobolds
  A quokka skeleton (D:4)
  7 rats
84 creatures vanquished.

Vanquished Creatures (others)
  An orc wizard (D:4)
1 creature vanquished.

Grand Total: 85 creatures vanquished

Notes
Turn   | Place    | Note
-------+----------+-------------------------------------------
     0 | D:1      | HuneSparrow the Demonspawn Fighter began the quest for the Orb.
     0 | D:1      | Reached XP level 1. HP: 18/18 MP: 1/1
    51 | D:1      | Gained mutation: You are immune to rotting. [demonic ancestry]
    51 | D:1      | Reached XP level 2. HP: 18/24 MP: 2/2
   745 | D:1      | Reached XP level 3. HP: 21/29 MP: 3/3
  1022 | D:2      | Noticed Terence
  1036 | D:2      | Killed Terence
  1388 | D:2      | Reached XP level 4. HP: 7/35 MP: 4/4
  1781 | D:2      | Found a sacrificial altar of Ru.
  2115 | D:3      | Gained mutation: You have a pair of small antennae on your head. [demonic ancestry]
  2115 | D:3      | Reached XP level 5. HP: 22/41 MP: 5/5
  2804 | D:3      | Found an iron altar of Okawaru.
  3236 | D:4      | HP: 2/41 [poisoned by an adder]
  3547 | D:4      | Found a staircase to the Ecumenical Temple.
  3723 | D:3      | Reached XP level 6. HP: 31/47 MP: 6/6
  3901 | Temple   | Entered the Ecumenical Temple
  3957 | Temple   | Became a worshipper of Qazlal Stormbringer
  3995 | D:4      | Noticed Grinder
  4006 | D:4      | Paralysed by Grinder for 6 turns
  4015 | D:4      | Killed Grinder
  4015 | D:4      | Reached skill level 5 in Long Blades
  4015 | D:4      | Reached skill level 5 in Armour
  4015 | D:4      | Gained mutation: You may emit foul miasma when damaged in melee. [demonic ancestry]
  4015 | D:4      | Reached XP level 7. HP: 9/52 MP: 7/7
  4585 | D:4      | Found a hide-covered altar of Uskayaw.
  5074 | D:4      | Killed from afar by an orc priest

Skill      XL: |  1  2  3  4  5  6 |
---------------+-------------------+-----
Armour         | 3 4 5 |  5.4
Long Blades    | 2 3 4 5 |  5.8
Fighting       | |  3.0
Shields        | |  2.7

Action                   |  1- 3 |  4- 6 |  7- 9 || total
-------------------------+-------+-------+-------++-------
Melee: Long sword        |   145 |   197 |    39 ||   381
  Use: Potion            |     3 |     1 |       ||     4
  Eat: Chunk             |     1 |     7 |     2 ||    10
       Ration            |       |     1 |       ||     1
Armor: Scale mail        |    81 |   102 |    21 ||   204
Dodge: Dodged            |    38 |    63 |    11 ||   112
Block: Shield            |    95 |    85 |    15 ||   195
       Rpst.: Long sword |    10 |    25 |     1 ||    36
